 Dungeon Crawl Stone Soup version 0.22-a0-429-g97ce8ef (webtiles) character file.

117894 GameOver the Lord of Darkness (level 16, 0/138 HPs)
             Began as a Naga Wizard on May 24, 2018.
             Was the Champion of Kikubaaqudgha.
             Slain by a wolf spider (9 damage)
             ... on level 1 of the Spider Nest on May 25, 2018.
             The game lasted 04:04:49 (20615 turns).

GameOver the Lord of Darkness (Naga Wizard)        Turns: 20615, Time: 04:04:50

Health: 0/138      AC: 11    Str:  8    XL:     16   Next: 75%
Magic:  42/57      EV:  7    Int: 32    God:    Kikubaaqudgha [******]
Gold:   698        SH:  0    Dex: 10    Spells: 1/41 levels left

rFire    + + .     SeeInvis +   e - staff of power
rCold    + . .     Gourm    .   K - +2 buckler
rNeg     . . .     Faith    .   G - +2 robe {rC+ rF+}
rPois    +         Spirit   .   T - +0 helmet
rElec    +         Reflect  .   t - +0 cloak
rCorr    .         Harm     .   s - +0 pair of gloves of Tenacity {rElec Str+2}
MR       ++...                  (no barding)
Stlth    ++........             H - amulet of magic regeneration
HPRegen  0.33/turn              h - +6 ring of intelligence
MPRegen  0.60/turn              C - ring of the Shining Light {rPois rF+ MP+9 EV+3 Str-3}

@: lethally poisoned (0 -> -74), held, very slow
A: large, see invisible, deformed body, poison resistance, slowness 2, slow
metabolism 1, spit poison 1, constrict 1, AC +5
a: Spit Poison, Receive Corpses, Torment, Renounce Religion


You were on level 1 of the Spider Nest.
You worshipped Kikubaaqudgha.
Kikubaaqudgha was exalted by your worship.
You were hungry.

You visited 5 branches of the dungeon, and saw 25 of its levels.
You visited 1 bazaar.

You collected 1973 gold pieces.
You spent 1275 gold pieces at shops.

Inventory:

Hand Weapons
 w - a +7 demon trident of electrocution
Missiles
 r - 139 bolts
Armour
 s - the +0 pair of gloves of Tenacity (worn) {rElec Str+2}
   (You found it on level 12 of the Dungeon)

   It affects your strength (+2).
   It insulates you from electricity.
 t - a +0 cloak (worn)
 G - a +2 robe of resistance (worn)
 K - a +2 buckler (worn)
 T - a +0 helmet (worn)
Magical Staves
 e - an uncursed staff of power (weapon)
 o - an uncursed staff of air
Jewellery
 h - a +6 ring of intelligence (left hand)
 C - the ring of the Shining Light (right hand) {rPois rF+ MP+9 EV+3 Str-3}
   (You took it off a crimson imp on level 12 of the Dungeon)

   [ring of evasion]

   It affects your evasion (+3).
   It affects your strength (-3).
   It protects you from fire.
   It protects you from poison.
   It affects your magic capacity (+9).
 H - an amulet of magic regeneration (around neck)
Wands
 c - a wand of disintegration (25)
 l - a wand of iceblast (7)
 x - a wand of acid (36)
 E - a wand of paralysis (19)
 F - a wand of digging (27)
 R - a wand of scattershot (8)
 W - a wand of flame (21)
Scrolls
 j - 6 scrolls of magic mapping
 m - 6 scrolls of remove curse
 p - 3 scrolls of teleportation
 u - 3 scrolls of blinking
 V - 2 scrolls of fear
Potions
 b - a potion of invisibility
 i - a potion of flight
 k - 2 potions of ambrosia
 y - 5 potions of magic
 z - 3 potions of haste
 A - a potion of heal wounds
 B - a potion of brilliance
 D - 4 potions of agility
 N - 3 potions of might
 P - a potion of resistance
Comestibles
 d - 43 rations


   Skills:
 + Level 7.4 Fighting
 - Level 4.0 Dodging
 - Level 3.0 Stealth
 - Level 3.0 Shields
 + Level 13.1 Spellcasting
 - Level 12.0 Conjurations
 - Level 8.0 Charms
 + Level 7.5 Summonings
 + Level 14.7 Necromancy
 - Level 5.2 Translocations
   Level 6.0 Fire Magic
 - Level 6.0 Air Magic
   Level 6.0 Poison Magic


You had one spell level left.
You knew the following spells:

 Your Spells              Type           Power        Failure   Level  Hunger
a - Magic Dart            Conj           ####         0%          1    None
b - Blink                 Tloc           N/A          1%          2    None
c - Swiftness             Chrm/Air       ######..     1%          2    None
d - Dispel Undead         Necr           #######.     1%          5    None
f - Freezing Cloud        Conj/Ice/Air   ######....   28%         6    ####...
q - Iskenderun's Battles  Conj/Chrm      ######..     1%          5    None
r - Aura of Abjuration    Summ           ######....   2%          5    None
s - Bolt of Draining      Conj/Necr      #######...   1%          5    None
w - Summon Lightning Spi  Summ/Air       ######..     1%          4    None
x - Sublimation of Blood  Necr           #######...   0%          2    None
z - Regeneration          Chrm/Necr      #######...   1%          3    None

Your spell library contained the following spells:

 Spells                   Type           Power        Failure   Level  Hunger
 Cause Fear               Hex            ###.......   22%         4    None
 Conjure Flame            Conj/Fire      ######..     1%          3    None
 Bolt of Fire             Conj/Fire      ######....   9%          6    ####...
 Bolt of Cold             Conj/Ice       ######....   28%         6    ####...
 Lightning Bolt           Conj/Air       ######....   1%          5    None
 Bolt of Magma            Conj/Fire/Erth ######....   5%          5    None
 Slow                     Hex            ###.....     3%          2    None
 Mephitic Cloud           Conj/Pois/Air  ######..     1%          3    None
 Venom Bolt               Conj/Pois      ######....   1%          5    None
 Death's Door             Chrm/Necr      #######...   80%         8    #######
 Summon Small Mammal      Summ           ####         1%          1    None
 Iskenderun's Mystic Bla  Conj           #######.     1%          4    None
 Pain                     Necr           ####         0%          1    None
 Animate Skeleton         Necr           N/A          0%          1    None
 Vampiric Draining        Necr           #######...   0%          3    None
 Haunt                    Necr/Summ      #######...   19%         7    #####..
 Borgnjor's Revivificati  Necr           #######...   34%         8    #######
 Ozocubu's Refrigeration  Ice            ###.......   98%         6    ####...
 Summon Ice Beast         Ice/Summ       #####...     4%          4    None
 Call Imp                 Summ           ######..     1%          2    None
 Summon Demon             Summ           ######....   2%          5    None
 Iron Shot                Conj/Erth      ######....   28%         6    ####...
 Shock                    Conj/Air       ####         1%          1    None
 Recall                   Summ/Tloc      N/A          1%          3    None
 Ice Form                 Ice/Tmut       ###.....     22%         4    None
 Dragon Form              Tmut           ###.......   100%        7    #####..
 Necromutation            Tmut/Necr      ######....   100%        8    #######
 Death Channel            Necr           #######...   1%          6    ####...
 Airstrike                Air            ######....   1%          4    None
 Shadow Creatures         Summ           N/A          16%         6    ####...
 Flame Tongue             Conj/Fire      #####        1%          1    None
 Call Canine Familiar     Summ           ######..     1%          3    None
 Metabolic Englaciation   Hex/Ice        ###.......   52%         5    None
 Static Discharge         Conj/Air       ######..     1%          3    None
 Simulacrum               Ice/Necr       ######....   17%         6    ####...
 Orb of Destruction       Conj           #######...   14%         7    #####..
 Shroud of Golubria       Chrm/Tloc      ######....   1%          2    None
 Fulminant Prism          Conj/Hex       ######....   1%          4    None
 Dazzling Spray           Conj/Hex       ######       1%          3    None
 Force Lance              Conj/Tloc      ######..     1%          4    None
 Infusion                 Chrm           ####         1%          1    None
 Song of Slaying          Chrm           ######..     1%          2    None
 Spectral Weapon          Hex/Chrm       #####...     1%          3    None
 Searing Ray              Conj           ######       1%          2    None
 Summon Forest            Summ/Tloc      ######....   4%          5    None
 Summon Guardian Golem    Hex/Summ       #####...     1%          3    None
 Dragon's Call            Summ           ######....   100%        9    #######
 Spellforged Servitor     Conj/Summ      ######....   34%         7    #####..
 Summon Mana Viper        Hex/Summ       #####...     13%         5    None
 Infestation              Necr           #######...   34%         8    #######
 Borgnjor's Vile Clutch   Necr/Erth      ######....   3%          5    None


Dungeon Overview and Level Annotations

Branches:
Dungeon (15/15)            Temple (1/1) D:5            Lair (6/6) D:9
 Shoals (0/4) Lair:3       Spider (1/4) Lair:2        Slime (0/5) Lair:6
    Orc (2/2) D:9             Elf (0/3) Orc:2        Vaults (0/5) D:13
 Depths (0/5) D:15

Altars:
Ashenzari
Cheibriados
Dithmenos
Gozag
Hepliaklqana
Kikubaaqudgha
Makhleb
Nemelex Xobeh
Okawaru
Ru
Sif Muna
Trog
Uskayaw
Vehumet
Xom
Yredelemnul
Zin
The Shining One
Beogh

Shops:
D:9 *   D:15 :   Orc:2 (*:

Portals:
Trove: D:14 (give horn of Geryon)


Innate Abilities, Weirdness & Mutations

You cannot wear boots.
Your serpentine skin is tough. (AC +5)
You have supernaturally acute eyesight. (SInv)
Armour fits poorly on your strangely shaped body.
Your system is resistant to poisons. (rPois)
You cover ground very slowly.
You have a slow metabolism.
You can spit poison.
You can use your snake-like lower body to constrict enemies.


Message History

The jumping spider pounces on you!
You are caught in a web!
The jumping spider bites you but does no damage.
The redback bites you.
* * * LOW HITPOINT WARNING * * *
You are lethally poisoned!
The redback poisons you!
The jumping spider pounces on your lightning spire!
Your lightning spire is caught in a web!
The jumping spider bites your lightning spire.
The redback bites you.
* * * LOW HITPOINT WARNING * * *
The jumping spider pounces on you!
* * * LOW HITPOINT WARNING * * *
The jumping spider bites you.
* * * LOW HITPOINT WARNING * * *
The redback bites you!
* * * LOW HITPOINT WARNING * * *
The wolf spider hits you!
You die...
Kikubaaqudgha rasps: "You have failed me!
Welcome... death!"

#..§.....##
##.........
..#......
###.......# #
.........#.##
..........#
#ss.......
#@s......
#8s......
#s†....##
##....#..
......s
....#.. ...?.
. ......


You could see a wolf spider, 2 jumping spiders, 3 redbacks and a friendly
lightning spire (webbed).

Vanquished Creatures
  Rupert (D:14)
  Frances (D:14)
  2 orc warlords (Orc:1)
  Nessos (Lair:4)
  An ettin (Orc:1)
  Josephine (Orc:2)
  2 fire dragons
  4 vault guards (D:13)
  10 hydras
  The ghost of Eptagon the Martial Artist, a journeyman OpFi of Gozag (Lair:1)
  3 centaur warriors
  A death knight (D:9)
  A tengu warrior (D:13)
  6 death yaks (Lair:6)
  14 two-headed ogres
  The ghost of TheNamelessOne the Ruffian, a novice TrFi (D:7)
  Nergalle (Lair:2)
  Urug (Lair:4)
  5 skeletal warriors (D:14)
  A fire crab (Lair:6)
  3 deep trolls
  An unseen horror (shapeshifter) (D:15)
  A glowing orange brain (D:15)
  A wizard (D:14)
  An orc knight (Orc:1)
  The ghost of SpeedyPerson7 the Chopper, a novice DDFi (D:6)
  Pikel (D:5)
  A deep elf mage (D:13)
  An oklob plant (Lair:6)
  An orb spider (Lair:2)
  5 ugly things (D:14)
  2 orc sorcerers (Orc:2)
  2 manticores
  2 wolf spiders (Spider:1)
  11 cyclopes
  3 centaur zombies
  11 black mambas
  2 molten gargoyles (Lair:6)
  15 spiny frogs
  A gargoyle (D:14)
  A rime drake (shapeshifter) (D:15)
  A freezing wraith (D:9)
  12 komodo dragons
  4 kobold demonologists
  2 rime drakes
  2 efreet
  A polar bear (Lair:1)
  24 trolls
  2 meliai (D:15)
  10 hippogriffs
  A slime creature (D:15)
  4 dream sheep (Lair:4)
  16 blink frogs
  A snapping turtle (shapeshifter) (D:15)
  A meliai zombie (D:15)
  A shadow (D:15)
  2 tarantellas (shapeshifter)
  4 water elementals (D:14)
  A tarantella (Spider:1)
  6 wraiths
  A vampire (D:13)
  A spriggan (D:7)
  3 wyverns
  30 yaks
  A fire elemental (D:13)
  A steam dragon (Lair:6)
  4 basilisks
  5 hungry ghosts
  4 vampire mosquitoes (D:13)
  Menkaure (D:7)
  A warg (shapeshifter) (D:15)
  8 wargs
  13 water moccasins
  6 hell hounds
  9 porcupines
  3 eyes of draining
  27 orc warriors
  4 ice beasts
  A meliai simulacrum (D:14)
  2 hornet zombies
  5 sky beasts
  3 phantoms
  25 ogres
  7 wolves
  6 centaurs
  12 crocodiles
  3 big kobolds
  A wyvern zombie (D:13)
  15 bullfrogs
  8 scorpions
  12 killer bees (D:8)
  18 wights
  A bullfrog zombie (D:10)
  An electric eel (Lair:4)
  A howler monkey (D:5)
  7 crimson imps
  A quasit (D:6)
  5 jellies
  5 lava snakes (Lair:6)
  8 hounds
  2 bullfrog skeletons
  22 orc priests
  8 centaur skeletons
  3 iguanas
  26 orc wizards
  14 worker ants
  2 killer bee zombies (D:7)
  A hound skeleton (D:8)
  2 gnolls (D:8)
  13 adders
  A hound simulacrum (D:9)
  2 white imps (D:9)
  An ufetubus (D:9)
  An ooze (D:1)
  An adder skeleton (D:4)
  3 worms
  2 dart slugs
  9 leopard geckos
  88 orcs
  4 bats
  3 giant cockroaches
  5 goblins
  6 hobgoblins
  8 jackals
  4 quokkas
  2 ball pythons
  4 frilled lizards
  A jackal skeleton (D:4)
  33 kobolds
  A leopard gecko skeleton (D:4)
  A quokka skeleton (D:7)
  5 rats
  A butterfly (Lair:2)
  A plant (D:5)
769 creatures vanquished.

Vanquished Creatures (collateral kills)
  Saint Roka (Orc:2)
  An orc warlord (Orc:2)
  Azrael (D:13)
  The ghost of Totori the Unseen, a journeyman SpAr of Uskayaw (Orc:2)
  2 ogre magi (Orc:2)
  3 two-headed ogres (Orc:2)
  An ugly thing (D:15)
  A slime creature (D:15)
  A tengu conjurer (D:14)
  A meliai (D:15)
  A troll (Orc:2)
  A wraith (D:14)
  A warg (Orc:2)
  A phantom (D:14)
  5 orc warriors
  7 ogres
  A bullfrog (D:14)
  A wyvern zombie (D:14)
  A killer bee (D:8)
  An orc priest (Orc:1)
  5 orc wizards
  A gnoll (D:8)
  13 orcs
52 creatures vanquished.

Vanquished Creatures (others)
  A phantom (D:5)
  A centaur (Lair:3)
  A worm (D:5)
  A bush (Lair:6)
  10 fungi
  13 plants
27 creatures vanquished.

Grand Total: 848 creatures vanquished

Notes
Turn   | Place    | Note
-------+----------+-------------------------------------------
     0 | D:1      | GameOver the Naga Wizard began the quest for the Orb.
     0 | D:1      | Reached XP level 1. HP: 15/15 MP: 4/4
   322 | D:1      | Reached XP level 2. HP: 22/22 MP: 6/6
   635 | D:2      | Reached XP level 3. HP: 28/28 MP: 7/7
   640 | D:2      | Learned a level 2 spell: Blink
   644 | D:2      | Learned a level 3 spell: Mephitic Cloud
  1440 | D:3      | Reached XP level 4. HP: 36/36 MP: 0/8
  1445 | D:3      | Learned a level 3 spell: Conjure Flame
  1962 | D:4      | Reached skill level 1 in Poison Magic
  1962 | D:4      | Reached XP level 5. HP: 35/42 MP: 3/9
  1972 | D:4      | Reached skill level 1 in Fire Magic
  1972 | D:4      | Reached skill level 1 in Air Magic
  2080 | D:4      | Reached XP level 6. HP: 49/49 MP: 4/10
  2096 | D:4      | Found a shadowy altar of Dithmenos.
  2097 | D:4      | Found a sacrificial altar of Ru.
  2151 | D:4      | Reached skill level 5 in Conjurations
  2573 | D:5      | Entered Level 5 of the Dungeon
  2636 | D:5      | Found an iron altar of Okawaru.
  2766 | D:5      | Noticed a phantom
  2785 | D:5      | Killed a phantom
  2785 | D:5      | Reached XP level 7. HP: 15/55 MP: 0/11
  2878 | D:5      | Found a burning altar of Makhleb.
  2952 | D:5      | Noticed Pikel
  2967 | D:5      | Killed Pikel
  2967 | D:5      | Reached XP level 8. HP: 60/62 MP: 7/12
  3052 | D:5      | Found a staircase to the Ecumenical Temple.
  3096 | Temple   | Entered the Ecumenical Temple
  3127 | Temple   | Became a worshipper of Kikubaaqudgha
  3347 | D:5      | Reached skill level 5 in Poison Magic
  3479 | D:5      | Reached * piety under Kikubaaqudgha
  3479 | D:5      | Identified Kikubaaqudgha's Collected Works on Sinister Magic (Kikubaaqudgha gifted it to you on level 5 of the Dungeon)
  3479 | D:5      | Received a gift from Kikubaaqudgha
  3484 | D:5      | Learned a level 2 spell: Sublimation of Blood
  3916 | D:6      | Noticed SpeedyPerson7's ghost (novice DDFi)
  4178 | D:6      | Reached XP level 9. HP: 20/68 MP: 10/15
  4743 | D:6      | Found a deep blue altar of Sif Muna.
  4750 | D:6      | Reached skill level 5 in Air Magic
  4772 | D:6      | Reached skill level 5 in Fire Magic
  4779 | D:6      | Identified Sif Muna's Compendium of Air
  4785 | D:6      | Learned a level 1 spell: Shock
  4812 | D:6      | Killed SpeedyPerson7's ghost
  5008 | D:7      | Reached skill level 5 in Spellcasting
  5024 | D:7      | Learned a level 5 spell: Iskenderun's Battlesphere
  5046 | D:7      | Noticed TheNamelessOne's ghost (novice TrFi)
  5088 | D:7      | Reached ** piety under Kikubaaqudgha
  5201 | D:7      | Found a shimmering altar of Xom.
  5202 | D:7      | Found a hazy altar of Hepliaklqana.
  5202 | D:7      | Noticed a torpor snail
  5203 | D:7      | Noticed a spectral ugly thing
  5203 | D:7      | Noticed a torpor snail
  5252 | D:7      | Reached skill level 1 in Charms
  5385 | D:7      | Noticed Menkaure
  5400 | D:7      | Killed Menkaure
  5563 | D:8      | Reached XP level 10. HP: 31/75 MP: 12/18
  6115 | D:8      | Reached *** piety under Kikubaaqudgha
  6115 | D:8      | Identified Kikubaaqudgha's Almanac of Darkness (Kikubaaqudgha gifted it to you on level 8 of the Dungeon)
  6115 | D:8      | Received a gift from Kikubaaqudgha
  6262 | D:8      | Noticed a two-headed ogre
  6289 | D:8      | Killed a two-headed ogre
  6849 | D:9      | Found a staircase to the Lair.
  6849 | D:9      | Noticed a two-headed ogre
  6865 | D:8      | Killed a two-headed ogre
  6865 | D:8      | Reached skill level 5 in Charms
  6865 | D:8      | Reached skill level 5 in Translocations
  7020 | D:9      | Reached skill level 1 in Necromancy
  7025 | D:9      | Reached XP level 11. HP: 78/81 MP: 20/20
  7050 | D:9      | Found a staircase to the Orcish Mines.
  7129 | D:9      | Reached **** piety under Kikubaaqudgha
  7152 | D:9      | Found Qunyut's General Store.
  7161 | D:9      | Bought a +0 pair of gloves for 63 gold pieces
  7252 | D:9      | Reached skill level 2 in Necromancy
  7524 | D:9      | Noticed a death knight
  7583 | D:9      | Killed a death knight
  7599 | D:9      | Reached skill level 3 in Necromancy
  7621 | D:9      | Noticed a deep troll
  7723 | Orc:1    | Entered Level 1 of the Orcish Mines
  7758 | Orc:1    | Noticed a two-headed ogre
  7759 | Orc:1    | Noticed an ettin
  7767 | Orc:1    | Killed a two-headed ogre
  7774 | Orc:1    | Killed an ettin
  7868 | Lair:1   | Entered Level 1 of the Lair of Beasts
  7868 | Lair:1   | Noticed Eptagon's ghost (journeyman OpFi)
  7876 | Lair:1   | Killed Eptagon's ghost
  7876 | Lair:1   | Reached skill level 4 in Necromancy
  8072 | Lair:1   | Reached skill level 5 in Necromancy
  8075 | Lair:1   | Reached ***** piety under Kikubaaqudgha
  8075 | Lair:1   | Reached XP level 12. HP: 10/88 MP: 11/23
  8279 | Lair:1   | Learned a level 5 spell: Bolt of Draining
  8683 | Lair:2   | Noticed Nergalle
  8703 | Lair:2   | Killed Nergalle
  8703 | Lair:2   | Reached skill level 1 in Shields
  8948 | Lair:2   | Reached skill level 6 in Necromancy
  9011 | Lair:2   | Found a hole to the Spider Nest.
  9031 | Lair:2   | Noticed a six-headed hydra
  9040 | Lair:2   | Killed a six-headed hydra
  9555 | Lair:3   | Reached skill level 7 in Necromancy
  9706 | Lair:3   | Found a staircase to the Shoals.
  9729 | Lair:3   | Reached skill level 10 in Conjurations
  9868 | Lair:3   | Upgraded the game from 0.22-a0-425-g89d60a1 to 0.22-a0-429-g97ce8ef
 10118 | Lair:3   | Found a snail-covered altar of Cheibriados.
 10248 | Lair:3   | Reached skill level 8 in Necromancy
 10483 | Lair:4   | Noticed Nessos
 10489 | Lair:4   | Gained mutation: You can use your snake-like lower body to constrict enemies. [Naga growth]
 10489 | Lair:4   | Reached XP level 13. HP: 94/94 MP: 23/25
 10491 | Lair:4   | Killed Nessos
 10610 | Lair:4   | Reached skill level 9 in Necromancy
 10712 | Lair:4   | Learned a level 3 spell: Regeneration
 10715 | Lair:4   | Learned a level 2 spell: Swiftness
 10721 | Lair:4   | Learned a level 5 spell: Dispel Undead
 10976 | Lair:4   | Noticed Urug
 10985 | Lair:4   | Killed Urug
 11387 | Lair:5   | Reached skill level 10 in Necromancy
 11808 | Lair:6   | Entered Level 6 of the Lair of Beasts
 12085 | Lair:6   | Reached skill level 11 in Necromancy
 12092 | Lair:6   | Reached XP level 14. HP: 34/102 MP: 26/27
 12340 | Lair:6   | Found a staircase to the Slime Pits.
 12626 | Lair:6   | Reached skill level 10 in Spellcasting
 12646 | Lair:6   | Reached ****** piety under Kikubaaqudgha
 13092 | Lair:6   | Found a large runed door.
 13093 | Lair:6   | Found a large runed door.
 13098 | Lair:6   | Reached skill level 12 in Necromancy
 13547 | D:7      | Killed TheNamelessOne's ghost
 13655 | Temple   | Received a gift from Kikubaaqudgha
 14020 | D:10     | Entered Level 10 of the Dungeon
 15554 | D:12     | Got a pair of pitted gloves
 15565 | D:12     | Identified the +0 pair of gloves of Tenacity {rElec Str+2} (You found it on level 12 of the Dungeon)
 15593 | D:12     | Reached skill level 13 in Necromancy
 15611 | D:12     | Got a transparent lapis lazuli ring
 15612 | D:12     | Identified the ring of the Shining Light {rPois rF+ MP+9 EV+3 Str-3} (You took it off a crimson imp on level 12 of the Dungeon)
 15685 | D:12     | Reached XP level 15. HP: 108/108 MP: 30/30
 15798 | D:12     | Learned a level 4 spell: Summon Lightning Spire
 15905 | D:13     | Reached skill level 1 in Fighting
 16350 | D:13     | Found a gate to the Vaults.
 16652 | D:13     | Noticed Azrael
 16660 | D:13     | Killed Azrael
 16756 | Orc:2    | Entered Level 2 of the Orcish Mines
 16812 | Orc:2    | Noticed Saint Roka
 16826 | Orc:2    | Noticed Josephine
 16841 | Orc:2    | Noticed an orc warlord
 16921 | Orc:2    | Found a staircase to the Elven Halls.
 17001 | Orc:2    | Noticed Totori's ghost (journeyman SpAr)
 17007 | Orc:2    | Killed Totori's ghost
 17012 | Orc:2    | Killed Saint Roka
 17034 | Orc:2    | Reached skill level 5 in Summonings
 17061 | Orc:2    | Killed Josephine
 17075 | Orc:2    | Reached skill level 5 in Fighting
 17142 | Orc:2    | Found Yfoggeh's Book Shop.
 17143 | Orc:2    | Found Fietijah's Gadget Shop.
 17148 | Orc:2    | Found Sihikaes's Assorted Antiques.
 17155 | Orc:2    | Reached skill level 14 in Necromancy
 17157 | Orc:2    | Found Peuxosk's Weapon Boutique.
 17191 | Orc:2    | Reached XP level 16. HP: 74/130 MP: 5/32
 17296 | Orc:2    | Found a flickering gateway to a bazaar.
 17305 | Bazaar   | Entered a bazaar
 17309 | Bazaar   | Found Neosh's Jewellery Boutique.
 17327 | Bazaar   | Found Wuttodar's Antique Armour Emporium.
 17344 | Bazaar   | Found Nigeijy's Distillery.
 17349 | Bazaar   | Bought a potion of degeneration for 13 gold pieces
 17362 | Bazaar   | Found Zeczun's Antique Weapon Shoppe.
 17399 | Bazaar   | Bought a pair of heavily runed gloves for 190 gold pieces
 17409 | Bazaar   | Identified the +2 pair of gloves of Sif Muna's Delight {Str+2} (You bought it in a shop in a bazaar)
 17434 | Bazaar   | Bought a potion of ambrosia for 104 gold pieces
 17516 | Orc:2    | Bought a metallic ruby potion for 28 gold pieces
 17516 | Orc:2    | Bought a scroll labeled TIYTWOISHIAQO for 32 gold pieces
 17679 | Orc:2    | Found a roughly hewn altar of Beogh.
 18610 | D:14     | Learned a level 5 spell: Summon Demon
 18617 | D:14     | Learned a level 5 spell: Aura of Abjuration
 18627 | D:14     | Found a portal to a secret trove of treasure.
 18629 | D:14     | Noticed Rupert
 18653 | D:14     | Killed Rupert
 18664 | D:14     | Noticed Frances
 18676 | D:14     | Killed Frances
 18899 | D:15     | Entered Level 15 of the Dungeon
 19481 | D:15     | Found Riuqotul's Book Shoppe.
 19587 | D:15     | Noticed a storm dragon
 19590 | D:15     | a storm dragon changed into a snapping turtle
 19621 | D:15     | Found a staircase to the Depths.
 20121 | Orc:2    | Bought a book of Ice for 845 gold pieces
 20150 | Orc:2    | Learned a level 6 spell: Freezing Cloud
 20609 | Spider:1 | Entered Level 1 of the Spider Nest
 20615 | Spider:1 | Slain by a wolf spider

Vault maps used:
D:1:      shiori_arrival_maze
D:2:      first_ration, minmay_pentomino_o2
D:4:      chequers_temple_overflow_statue_of_worship, hangedman_decor_push
D:5:      kennysheep_kobold_camp, okawaru_trees_1, temple_doors_e, basic_altar,
          st_stairs_3, uniq_pikel
D:6:      led_sif_book
D:7:      regret_index_temple_of_mockery, the_bakery, minivault_25,
          hangedman_abyss_or_decor_lesser_grid, minmay_misc_feat_columns,
          uniq_menkaure
D:8:      minmay_joined_circles
D:9:      minmay_sliced_demisemicircle, erik_lair_orcish_takeover, orc_0_dummy,
          serial_shops, nicolae_shop_temple_entry_statues_fountains, serial_ice,
          serial_ice_k, serial_ice_b, serial_ice_n, serial_ice_a
D:12:     corexii_hall_statues_i
D:13:     lightli_vaults_fourway_checkpoint, dk_noncrumbling_3, uniq_azrael
D:14:     minmay_misc_feat_plants, enter_trove_2, kennysheep_small_spiral,
          st_stairs_3, nicolae_underground_beach, uniq_frances, uniq_rupert
D:15:     gammafunk_enter_depths_forms, serial_shops, nicolae_shop_waterfront,
          hex_tiny, serial_park_tiny_1
Temple:   nicolae_temple_elliptical
Lair:1:   infiniplex_staircase_pool, lemuel_fruit_fields
Lair:2:   nicolae_spider_entry_orb_guardian, uniq_nergalle
Lair:3:   minmay_shoals_entry_centaurs, basic_altar
Lair:4:   grunt_megastairs_2, serial_bayou_shore_b, uniq_urug, uniq_nessos
Lair:5:   infiniplex_staircase_pool_2, grunt_megastairs_4
Lair:6:   cheibrodos_lair_end_hotspot, minmay_slime_entry_oklob_enclosed
Spider:1: spider_trap
Orc:2:    st_orc_open, serial_shops, bzr_entry_water, mines1_david,
          uniq_josephine, uniq_saint_roka
Bazaar:   bazaar_jpeg_circle_common

Skill      XL: |  1  2  3  4  5  6  7  8  9 10 11 12 13 14 15 16 |
---------------+-------------------------------------------------+-----
Conjurations   | 2 3 4 5 6 7 8 9 10 11 12 | 12.0
Poison Magic   | 1 3 4 6 |  6.0
Fire Magic     | 1 2 3 4 5 6 |  6.0
Air Magic      | 1 2 3 4 5 6 |  6.0
Spellcasting   | 4 5 6 7 8 9 11 12 13 | 13.1
Translocations | 3 5 |  5.2
Charms         | 1 5 7 8 |  8.0
Necromancy     | 1 5 8 11 13 14 | 14.7
Dodging        | 2 4 |  4.0
Shields        | 3 |  3.0
Fighting       | 5 7 |  7.4
Summonings     | 5 7 |  7.5
Stealth        | |  3.0

Action                   |  1- 3 |  4- 6 |  7- 9 | 10-12 | 13-15 | 16-18 || total
-------------------------+-------+-------+-------+-------+-------+-------++-------
Melee: Spear             |       |     5 |       |       |       |       ||     5
       War axe           |       |    14 |   107 |    11 |       |       ||   132
       Whip              |       |       |    12 |       |       |       ||    12
       Trident           |       |       |    11 |     4 |       |       ||    15
       Staff             |       |       |       |    12 |    14 |     9 ||    35
       Constrict         |       |       |       |       |     7 |     2 ||     9
       Demon trident     |       |       |       |       |    13 |       ||    13
 Fire: Hand crossbow     |       |       |       |    18 |       |       ||    18
 Cast: Magic Dart        |    48 |    75 |   118 |   237 |   564 |   164 ||  1206
       Mephitic Cloud    |       |       |    10 |    16 |     5 |     1 ||    32
       Shock             |       |       |    18 |   128 |       |       ||   146
       Conjure Flame     |       |       |     2 |     3 |       |       ||     5
       Blink             |       |       |       |    19 |    20 |     6 ||    45
       Iskenderun's Batt |       |       |       |    41 |   124 |    49 ||   214
       Bolt of Draining  |       |       |       |    20 |   120 |    47 ||   187
       Sublimation of Bl |       |       |       |       |    93 |    21 ||   114
       Regeneration      |       |       |       |       |    62 |    21 ||    83
       Dispel Undead     |       |       |       |       |    16 |     8 ||    24
       Summon Lightning  |       |       |       |       |    13 |    22 ||    35
Invok: Receive Necronomi |       |       |       |       |     1 |       ||     1
 Abil: Spit Poison       |    28 |    27 |    53 |    85 |    97 |    22 ||   312
Evoke: Wand              |       |       |       |     4 |     2 |       ||     6
  Use: Potion            |       |     2 |     1 |       |     6 |     1 ||    10
       Scroll            |       |       |     5 |     9 |    15 |    12 ||    41
 Stab: Confused          |       |       |     7 |     1 |       |       ||     8
       Sleeping          |       |       |     2 |       |     2 |       ||     4
  Eat: Chunk             |     3 |     5 |    10 |    25 |    44 |    12 ||    99
       Ration            |       |       |       |     1 |     2 |       ||     3
Armor: Robe              |       |     7 |    31 |    23 |    52 |    19 ||   132
Dodge: Dodged            |     8 |     9 |    84 |    52 |    84 |    48 ||   285
Block: Other             |       |       |       |     1 |       |       ||     1
       Buckler           |       |       |       |    12 |    63 |    26 ||   101
       Reflection        |       |       |       |     3 |     6 |       ||     9

Table legend:
 A = Spawn XP
 B = Non-spawn XP
 C = Spawn XP percentage of total XP
 D = Spawn monster count
 E = Non-spawn monster count
 F = Spawn count percentage of total count
 G = Total turns spent on level
                    A         B        C        D         E        F      G
               +---------+---------+-------+---------+---------+-------+---------
         Total |       0 |  168421 |   0.0 |       0 |     821 |   0.0 | 20615
               +---------+---------+-------+---------+---------+-------+---------
           D:1 |       0 |      23 |   0.0 |       0 |      10 |   0.0 |   548
           D:2 |       0 |      38 |   0.0 |       0 |      19 |   0.0 |   831
           D:3 |       0 |      54 |   0.0 |       0 |      15 |   0.0 |   417
           D:4 |       0 |     353 |   0.0 |       0 |      22 |   0.0 |   802
           D:5 |       0 |    1377 |   0.0 |       0 |      44 |   0.0 |  1375
           D:6 |       0 |    1659 |   0.0 |       0 |      26 |   0.0 |  1023
           D:7 |       0 |    1824 |   0.0 |       0 |      28 |   0.0 |   940
           D:8 |       0 |    4070 |   0.0 |       0 |      52 |   0.0 |  1096
           D:9 |       0 |    6450 |   0.0 |       0 |      45 |   0.0 |  1087
          D:10 |       0 |    3860 |   0.0 |       0 |      37 |   0.0 |   720
          D:11 |       0 |    4535 |   0.0 |       0 |      30 |   0.0 |   735
          D:12 |       0 |    6765 |   0.0 |       0 |      25 |   0.0 |   563
          D:13 |       0 |   18448 |   0.0 |       0 |      63 |   0.0 |   861
          D:14 |       0 |   16070 |   0.0 |       0 |      41 |   0.0 |   814
          D:15 |       0 |    9875 |   0.0 |       0 |      31 |   0.0 |  1091
        Lair:1 |       0 |    3689 |   0.0 |       0 |      12 |   0.0 |   753
        Lair:2 |       0 |    5979 |   0.0 |       0 |      23 |   0.0 |  1055
        Lair:3 |       0 |    7143 |   0.0 |       0 |      30 |   0.0 |  1042
        Lair:4 |       0 |   11184 |   0.0 |       0 |      33 |   0.0 |   910
        Lair:5 |       0 |    2091 |   0.0 |       0 |       5 |   0.0 |   444
        Lair:6 |       0 |   24437 |   0.0 |       0 |      67 |   0.0 |  1600
      Spider:1 |       0 |    1325 |   0.0 |       0 |       3 |   0.0 |     6
         Orc:1 |       0 |    9045 |   0.0 |       0 |      51 |   0.0 |   439
         Orc:2 |       0 |   28127 |   0.0 |       0 |     109 |   0.0 |  1172
               +---------+---------+-------+---------+---------+-------+---------
